 Dungeon Sprint DCSS version 0.27-a0-46-g34d46f0a3f (webtiles) character file.

Game seed: 4745256489008031034

15372 mhtbhm the Peltast (level 12, 0/119 (122) HPs)
             Began as a Minotaur Fighter on Jan 7, 2021.
             Was the Champion of Okawaru.
             Killed from afar by a shadow dragon (15 damage)
             ... with a bolt of negative energy
             ... in the Dungeon (Sprint I: "Red Sonja").
             The game lasted 00:06:34 (3527 turns).

mhtbhm the Peltast (Minotaur Fighter)               Turns: 3527, Time: 00:06:34

HP:   0/119 (122)   AC: 28    Str: 23    XL:     12   Next: 0%
MP:   19/20         EV: 10    Int:  1    God:    Okawaru [******]
Gold: 273           SH: 20    Dex: 11    Spells: 11/11 levels left

rFire    . . .     SeeInvis .   a - +0 flail (protect)
rCold    . . .     Faith    .   c - +0 kite shield
rNeg     . . .     Spirit   .   b - +2 plate armour {rPois}
rPois    +         Reflect  +   (helmet restricted)
rElec    .         Harm     +   r - scarf {harm}
rCorr    .         Rampage  +   (no gloves)
Will     +++..     NoTele   +   l - +0 pair of boots {rampage}
Stlth    ..........             d - amulet of reflection
HPRegen  0.29/turn              s - ring "Maseabua" {rPois Will+++ MP+9 Str-2 Int-4}
MPRegen  0.17/turn              (no ring)

@: mighty, protection aura, hasted, lightly drained, very quick
A: retaliatory headbutt, horns 2
a: Renounce Religion, Heroism, Finesse


You were in the Dungeon.
You worshipped Okawaru.
Okawaru was exalted by your worship.
You visited 1 branch You collected 2009 gold pieces.
You spent 1736 gold pieces at shops.

Inventory:

Hand Weapons
 a - a +0 flail of protection (weapon)
Missiles
 k - 8 curare-tipped darts (quivered)
Armour
 b - a +2 plate armour of poison resistance (worn)
 c - a +0 kite shield (worn)
 l - a +0 pair of boots of rampaging (worn)
 r - a scarf of harm (worn)
Jewellery
 d - an amulet of reflection (around neck)
 s - the ring "Maseabua" (left hand) {rPois Will+++ MP+9 Str-2 Int-4}
   (You bought it in a shop in the Dungeon)

   [ring of magical power]

   It affects your strength (-2).
   It affects your intelligence (-4).
   It protects you from poison.
   It affects your willpower, your defense against some magical effects.
   It affects your magic capacity (+9).
Wands
 i - a wand of polymorph (7)
Scrolls
 j - 2 scrolls of blinking
 m - a scroll of fog
 o - a scroll of remove curse
Potions
 h - 2 potions of magic
 n - 3 potions of curing
Miscellaneous
 q - a condenser vane (inert)


   Skills:
 + Level 16.2 Fighting
 + Level 16.3 Maces & Flails
 + Level 2.2 Throwing
 + Level 17.4 Armour
 + Level 6.3 Dodging
 + Level 2.1 Stealth
 + Level 18.4 Shields
 + Level 3.7 Unarmed Combat
 + Level 1.0 Invocations
 + Level 1.6 Evocations


You had 11 spell levels left.
You didn't know any spells.
Your spell library was empty.

Dungeon Overview and Level Annotations

Branches:
Dungeon (1/1)

Altars:
Cheibriados
Dithmenos
Elyvilon
Fedhas
Gozag
Hepliaklqana
Kikubaaqudgha
Makhleb
Nemelex Xobeh
Okawaru
Qazlal
Ru
Sif Muna
Trog
Uskayaw
Vehumet
Wu Jian
Xom
Yredelemnul
Zin
The Shining One
Jiyva
Lugonu

Shops:
D [![!*?*?:=[([**[?


Innate Abilities, Weirdness & Mutations

You reflexively headbutt those who attack you in melee.
You have a pair of horns on your head.


Message History

Your life force feels restored.
Your Fighting skill increases to level 16!
Your Maces & Flails skill increases to level 16!
Your Armour skill increases to level 17!
Your Dodging skill increases to level 6!
Your Shields skill increases to level 18!
Your Invocations skill increases to level 1!
You have reached level 12!
Your experience leads to an increase in your attributes!
Your base attributes are Str 24, Int 5, Dex 10.
Increase (S)trength, (I)ntelligence, or (D)exterity?
You feel stronger.
You feel agile.
Unknown command.
You feel yourself speed up.
Evoke which item? (* to show all) (? for menu, Esc to quit)
Clouds of noxious fumes condense around you!
The condenser dries out!
The shadow dragon breathes negative energy at you.
The bolt of negative energy hits you!
You feel drained.
You die...

##################
......'..#^^'....#
.....##..'^^#....##
#...#######+#..§§$#
###'# ..## #..§$§#
#.##...# ##.§.§#
#..###.# ###+##
##.#.#.# #@# ##
#..###.# ##D#.§§.##
#.##...# #§§§§^..§#
#. +### #§^§^§..§§.
## #.§..§§..§
#......§..§.
#.§...|.....
##.^....^^..
#$$$$$$$$$$


You could see a shadow dragon (catching breath).

Vanquished Creatures
  A golden dragon (D)
  A hydra (D)
  2 centaur warriors (D)
  A deep troll (D)
  6 unseen horrors (D)
  A lindwurm (D)
  An oklob plant (D)
  A gargoyle (D)
  4 demonic crawlers (D)
  2 kobold demonologists (D)
  A hornet (D)
  A slime creature (D)
  Sigmund (D)
  2 redbacks (D)
  A yak (D)
  A wyvern (D)
  13 hogs (D)
  3 floating eyes (D)
  7 necrophages (D)
  An ogre (D)
  8 jellies (D)
  Ijyb (D)
60 creatures vanquished.

Vanquished Creatures (others)
  A gargoyle (D)
  2 ballistomycete spores (D)
3 creatures vanquished.

Grand Total: 63 creatures vanquished

Notes
Turn   | Place    | Note
-------+----------+-------------------------------------------
     0 | D        | mhtbhm the Minotaur Fighter began the quest for the Orb.
     0 | D        | Reached XP level 1. HP: 19/19 MP: 0/0
     1 | D        | Noticed Ijyb
    29 | D        | Killed Ijyb
    30 | D        | Reached skill level 5 in Fighting
    30 | D        | Reached skill level 5 in Armour
    30 | D        | Reached skill level 5 in Shields
    30 | D        | Reached XP level 2. HP: 4/29 MP: 1/1
   320 | D        | Noticed an ogre
   323 | D        | HP: 1/29 [ogre/+0 giant club (18)]
   326 | D        | Killed an ogre
   327 | D        | Reached skill level 5 in Maces & Flails
   327 | D        | Reached skill level 1 in Dodging
   327 | D        | Reached skill level 6 in Shields
   327 | D        | Reached skill level 1 in Unarmed Combat
   327 | D        | Reached XP level 3. HP: 2/38 MP: 2/2
   327 | D        | Reached XP level 4. HP: 3/45 MP: 3/3
   607 | D        | Noticed Sigmund
   623 | D        | Killed Sigmund
   624 | D        | Reached skill level 7 in Shields
   624 | D        | Reached XP level 5. HP: 31/56 MP: 4/4
   624 | D        | Reached XP level 6. HP: 34/62 MP: 5/5
   776 | D        | Found an ornate altar of the Wu Jian Council.
   776 | D        | Found a shimmering blue altar of Sif Muna.
   778 | D        | Found a radiant altar of Vehumet.
   827 | D        | Found Okliesat's Distillery.
   827 | D        | Found an ancient bone altar of Kikubaaqudgha.
   827 | D        | Found a hazy altar of Hepliaklqana.
   827 | D        | Found a stormy altar of Qazlal.
   827 | D        | Found a hide-covered altar of Uskayaw.
   827 | D        | Found a blossoming altar of Fedhas.
   827 | D        | Found a bloodstained altar of Trog.
   827 | D        | Found an iron altar of Okawaru.
   827 | D        | Found a basalt altar of Yredelemnul.
   827 | D        | Found a glowing golden altar of the Shining One.
   827 | D        | Found a snail-covered altar of Cheibriados.
   827 | D        | Found a sacrificial altar of Ru.
   827 | D        | Found a glowing silver altar of Zin.
   827 | D        | Found a shadowy altar of Dithmenos.
   827 | D        | Found a white marble altar of Elyvilon.
   827 | D        | Noticed a yak
   830 | D        | Killed a yak
   831 | D        | Reached skill level 8 in Shields
   831 | D        | Found an opulent altar of Gozag.
   832 | D        | Found a sparkling altar of Nemelex Xobeh.
   838 | D        | Became a worshipper of Warmaster Okawaru
   841 | D        | Bought 2 potions of heal wounds for 110 gold pieces
   841 | D        | Bought a potion of heal wounds for 55 gold pieces
   841 | D        | Bought a potion of might for 44 gold pieces
   841 | D        | Bought a potion of might for 44 gold pieces
   856 | D        | Found a burning altar of Makhleb.
   856 | D        | Found a viscous altar of Jiyva.
   856 | D        | Found a shimmering altar of Xom.
   856 | D        | Found a corrupted altar of Lugonu.
   856 | D        | Noticed a slime creature
   863 | D        | Killed a slime creature
   864 | D        | Reached skill level 10 in Fighting
   864 | D        | Reached skill level 10 in Armour
   864 | D        | Reached skill level 9 in Shields
   864 | D        | Reached XP level 7. HP: 57/72 MP: 6/6
   934 | D        | Noticed a kobold demonologist
   934 | D        | Noticed a kobold demonologist
   935 | D        | Noticed an ice devil
   939 | D        | Killed a kobold demonologist
   939 | D        | Reached * piety under Okawaru
   940 | D        | Reached skill level 10 in Maces & Flails
   940 | D        | Paralysed by a floating eye for 2 turns
   960 | D        | Killed a kobold demonologist
   960 | D        | Reached ** piety under Okawaru
   961 | D        | Reached skill level 10 in Shields
   961 | D        | Reached XP level 8. HP: 42/82 MP: 7/7
  1132 | D        | Noticed Sonja
  1133 | D        | Noticed Sonja
  1133 | D        | Sonja changed into Sonja the wyvern
  1141 | D        | Killed Sonja the wyvern
  1162 | D        | Found Onyw's Armour Boutique.
  1172 | D        | Bought a +0 pair of boots of rampaging for 115 gold pieces
  1214 | D        | Killed a gargoyle
  1232 | D        | Noticed a deep troll
  1252 | D        | Killed a deep troll
  1252 | D        | Reached *** piety under Okawaru
  1253 | D        | Reached skill level 1 in Stealth
  1269 | D        | Found Erphutz's Armour Emporium.
  1398 | D        | Noticed a centaur warrior
  1400 | D        | Noticed a centaur warrior
  1407 | D        | Killed a centaur warrior
  1407 | D        | Reached **** piety under Okawaru
  1408 | D        | Reached skill level 1 in Throwing
  1408 | D        | Reached skill level 11 in Shields
  1408 | D        | Reached XP level 9. HP: 70/90 MP: 8/8
  1413 | D        | Killed a centaur warrior
  1414 | D        | Reached skill level 12 in Shields
  1506 | D        | Reached ***** piety under Okawaru
  1638 | D        | Noticed an oklob plant
  1649 | D        | Killed an oklob plant
  1650 | D        | Reached skill level 1 in Evocations
  1736 | D        | Reached XP level 10. HP: 79/100 MP: 9/9
  1946 | D        | Killed an unseen horror
  1946 | D        | Received a gift from Okawaru
  1947 | D        | Reached skill level 13 in Shields
  1959 | D        | Killed an unseen horror
  2132 | D        | Reached skill level 15 in Maces & Flails
  2135 | D        | Reached skill level 15 in Armour
  2291 | D        | Found Pomur's Distillery.
  2291 | D        | Found Agihod's Armour Shop.
  2291 | D        | Found Kiecla's General Store.
  2293 | D        | Found Zissauri's Magic Scroll Emporium.
  2293 | D        | Found Saguty's Assorted Antiques.
  2293 | D        | Found Xiaga's Magic Scroll Shoppe.
  2293 | D        | Found Ymirchuu's Book Boutique.
  2293 | D        | Found Gigisim's Jewellery Emporium.
  2293 | D        | Found Uzetad's Armour Shop.
  2293 | D        | Found Kaqir's Weapon Shoppe.
  2297 | D        | Found Famuewk Exam's Antique Armour Boutique.
  2298 | D        | Bought a scroll of blinking for 75 gold pieces
  2298 | D        | Found Kuigurok's Assorted Antiques.
  2298 | D        | Found Roerchomy's Assorted Antiques.
  2299 | D        | Found Jidama's Magic Scroll Emporium.
  2300 | D        | Bought a scroll of blinking for 82 gold pieces
  2311 | D        | Bought a +2 plate armour of poison resistance for 481 gold
                  | pieces
  2321 | D        | Bought a glowing scarf for 208 gold pieces
  2327 | D        | Bought a crude lead ring for 110 gold pieces
  2327 | D        | Identified the ring "Maseabua" {rPois Will+++ MP+9 Str-2
                  | Int-4} (You bought it in a shop in the Dungeon)
  2331 | D        | Bought a scroll of identify for 26 gold pieces
  2331 | D        | Bought a scroll of identify for 26 gold pieces
  2340 | D        | Bought an uncursed amulet of reflection for 360 gold pieces
  2423 | D        | Reached skill level 14 in Shields
  2618 | D        | Noticed a gargoyle
  2627 | D        | Killed a gargoyle
  2627 | D        | Received a gift from Okawaru
  2628 | D        | Reached skill level 15 in Shields
  2666 | D        | Noticed a lindwurm
  2669 | D        | Killed a lindwurm
  2670 | D        | Reached XP level 11. HP: 101/110 MP: 10/10
  2719 | D        | Received a gift from Okawaru
  2731 | D        | Reached skill level 16 in Shields
  2753 | D        | Reached ****** piety under Okawaru
  2761 | D        | Noticed a 12-headed hydra
  2764 | D        | Paralysed by a floating eye for 3 turns
  3110 | D        | Killed a 12-headed hydra
  3111 | D        | Reached skill level 5 in Dodging
  3111 | D        | Reached skill level 17 in Shields
  3185 | D        | Noticed a daeva
  3190 | D        | Noticed an unseen horror
  3193 | D        | Noticed an unseen horror
  3194 | D        | Killed an unseen horror
  3194 | D        | Received a gift from Okawaru
  3194 | D        | Noticed an unseen horror
  3201 | D        | Noticed an unseen horror
  3207 | D        | Killed an unseen horror
  3208 | D        | Reached skill level 15 in Fighting
  3210 | D        | Killed an unseen horror
  3213 | D        | Killed an unseen horror
  3213 | D        | Received a gift from Okawaru
  3515 | D        | Noticed a shadow dragon
  3515 | D        | Noticed a golden dragon
  3525 | D        | Killed a golden dragon
  3525 | D        | Received a gift from Okawaru
  3526 | D        | Reached skill level 18 in Shields
  3526 | D        | Reached skill level 1 in Invocations
  3526 | D        | Reached XP level 12. HP: 15/122 MP: 11/11
  3527 | D        | Killed from afar by a shadow dragon

Illustrated notes

Levels and vault maps discovered:
D:        dungeon_sprint_1 [red_sonja_temple_1, red_sonja_temple_small_1]

Skill      XL: |  1  2  3  4  5  6  7  8  9 10 11 |
---------------+----------------------------------+-----
Fighting       | 5 6 8 10 11 12 14 16 | 16.2
Maces & Flails | 3 5 7 9 11 13 14 15 16 | 16.3
Armour         | 5 6 8 10 11 13 14 15 17 | 17.4
Shields        | 5 6 7 9 10 11 12 15 18 | 18.4
Dodging        | 1 2 3 4 6 |  6.3
Unarmed Combat | 1 2 3 |  3.7
Stealth        | 1 2 |  2.1
Throwing       | 1 2 |  2.2
Evocations     | 1 |  1.6
Invocations    | 1 |  1.0

Action                   |  1- 3 |  4- 6 |  7- 9 | 10-12 || total
-------------------------+-------+-------+-------+-------++-------
Melee: Flail             |    23 |    26 |    78 |   213 ||   340
       Unarmed           |     8 |       |       |       ||     8
       Headbutt          |       |     6 |    22 |    56 ||    84
Throw: Dart              |       |       |     2 |       ||     2
Invok: Heroism           |       |       |       |     2 ||     2
Evoke: Wand              |       |       |     1 |       ||     1
       Condenser vane    |       |       |       |     2 ||     2
  Use: Potion            |     2 |     1 |     2 |     5 ||    10
       Scroll            |       |       |       |     4 ||     4
Armor: Skin              |     7 |       |       |       ||     7
       Chain mail        |       |     8 |    21 |    28 ||    57
       Plate armour      |       |       |       |   164 ||   164
Dodge: Dodged            |     4 |     1 |    16 |    82 ||   103
Block: Kite shield       |     8 |     5 |    37 |   210 ||   260
       Reflection        |       |       |       |     1 ||     1

Table legend: (Time is in decaauts)
 A = Elapsed time spent in this place.
 B = Non-inter-level travel time spent in this place.
 C = Inter-level travel time spent in this place.
 D = Time resting spent in this place.
 E = Time spent auto-exploring this place.
 F = Levels seen in this place.
 G = Mean time per level.
                   A        B        C        D        E       F      G
               +--------+--------+--------+--------+--------+-----+--------+
         Total |   3467 |   3467 |      0 |   2476 |      1 |   1 | 3467.0 |
       Dungeon |   3467 |   3467 |      0 |   2476 |      1 |   1 | 3467.0 |
               +--------+--------+--------+--------+--------+-----+--------+

Top non-repeatable levels by time:
       D: 3467 daAuts
